 Dungeon Crawl Stone Soup version 0.23.1 (webtiles) character file.

Game seed: 11957043553830802157

111 Yunesin the Chopper (level 4, -1/48 HPs)
             Began as an Octopode Berserker on Mar 14, 2019.
             Was a Believer of Trog.
             Slain by a gnoll
             ... wielding a +0 spear
              (9 damage)
             ... on level 3 of the Dungeon.
             The game lasted 00:06:48 (1088 turns).

Yunesin the Chopper (Octopode Berserker)            Turns: 1088, Time: 00:06:48

Health: -1/48      AC:  1    Str: 21    XL:     4   Next: 92%
Magic:  4/4        EV: 14    Int:  9    God:    Trog [**....]
Gold:   141        SH:  0    Dex: 12    Spells: 3/3 levels left

rFire    . . .     SeeInvis .   a - +0 hand axe
rCold    . . .     Gourm    .   (no shield)
rNeg     . . .     Faith    .   (helmet restricted)
rPois    .         Spirit   .   (no amulet)
rElec    .         Reflect  .   (no ring)
rCorr    .         Harm     .   (no ring)
MR       .....                  (no ring)
Stlth    ..........             (no ring)
HPRegen  0.16/turn              (no ring)
MPRegen  0.09/turn              (no ring)
                                (no ring)
                                (no ring)

@: berserking, very quick
A: almost no armour, stealthy swim, amphibious, 8 rings, constrict 8, camouflage
1, gelatinous body 1
a: Berserk, Trog's Hand, Renounce Religion


You were on level 3 of the Dungeon.
You worshipped Trog.
Trog was pleased with you.
You were very hungry.

You visited 1 branch of the dungeon, and saw 3 of its levels.

You collected 141 gold pieces.

Inventory:

Hand Weapons
 a - a +0 hand axe (weapon)
Wands
 m - a wand of paralysis (5)
Scrolls
 c - a scroll of fog {unknown}
 d - a scroll of enchant armour {unknown}
 g - 2 scrolls of identify {unknown}
 h - a scroll of blinking {unknown}
 k - a scroll of enchant weapon {unknown}
Potions
 e - a potion of haste {unknown}
 f - a potion of curing {unknown}
 i - a potion of might {unknown}
 j - a potion of resistance {unknown}
 n - a potion of cancellation {unknown}
Comestibles
 b - 5 rations
 l - 2 chunks of flesh


   Skills:
 + Level 3.6 Fighting
 * Level 4.3 Axes
 + Level 3.7 Dodging
 + Level 1.0 Stealth


You had 3 spell levels left.
You didn't know any spells.
Your spell library was empty.

Dungeon Overview and Level Annotations

Branches:
Dungeon (2/15)

Altars:


Innate Abilities, Weirdness & Mutations

You cannot wear most types of armour.
You are very stealthy in the water. (Stealth+)
You are amphibious.
You can wear up to eight rings at the same time.
You can use your tentacles to constrict eight enemies at once.
Your skin changes colour to match your surroundings (Stealth+).
Your rubbery body absorbs attacks. (AC +1, EV +1)


Message History

The gnoll hits you with a +0 spear!
You see here a book of Cantrips.
The gnoll shouts! x3
You slash the gnoll! You grab the gnoll.
The gnoll is severely wounded.
You constrict the gnoll.
You hear a shout!
The gnoll hits you with a +0 spear.
* * * LOW HITPOINT WARNING * * *
A red film seems to cover your vision as you go berserk!
You feel yourself moving faster!
You feel mighty!
You are feeling very hungry.
You constrict the gnoll. The gnoll hits you with a +0 spear.
* * * LOW HITPOINT WARNING * * *
You hit the gnoll.
You kill the gnoll!
Trog accepts your kill.
Your Stealth skill increases to level 1!
The gnoll hits you from afar with a +0 spear!
You die...

...%g
#...# ...#
...#
#.#####..#
.........#
#####gg#
#..).g.#
#.###@##
#:# # #.#
#. #.# #.#
#.# ..##.#
# #.#.#
##. #..# #
###.# ##.#


You could see 3 gnolls.

Vanquished Creatures
  A crimson imp (D:3)
  A gnoll (D:3)
  An adder (D:3)
  2 worms (D:2)
  2 leopard geckos
  An orc (D:3)
  10 bats
  2 giant cockroaches
  4 goblins
  4 hobgoblins (D:1)
  7 jackals (D:2)
  2 frilled lizards (D:1)
  3 kobolds (D:1)
  6 rats
46 creatures vanquished.

Notes
Turn   | Place    | Note
-------+----------+-------------------------------------------
     0 | D:1      | Yunesin the Octopode Berserker began the quest for the Orb.
     0 | D:1      | Reached XP level 1. HP: 16/16 MP: 1/1
    94 | D:1      | Reached XP level 2. HP: 21/21 MP: 2/2
   567 | D:2      | Reached XP level 3. HP: 26/26 MP: 3/3
   590 | D:2      | Reached ** piety under Trog
   993 | D:2      | You fall through a shaft!
  1002 | D:3      | Reached skill level 4 in Axes
  1002 | D:3      | Reached XP level 4. HP: 27/32 MP: 4/4
  1087 | D:3      | Reached skill level 1 in Stealth
  1088 | D:3      | Slain by a gnoll

Skill      XL: |  1  2  3  4 |
---------------+-------------+-----
Axes           | 4 |  4.3
Stealth        | 1 |  1.0
Fighting       | |  3.6
Dodging        | |  3.7

Action                   |  1- 3 |  4- 6 || total
-------------------------+-------+-------++-------
Melee: Hand axe          |    74 |    13 ||    87
       Constrict         |    17 |     3 ||    20
       Tentacles         |     9 |     2 ||    11
Invok: Berserk           |     1 |     1 ||     2
 Stab: Sleeping          |     3 |     2 ||     5
  Eat: Chunk             |     1 |       ||     1
Armor: Skin              |    12 |     1 ||    13
Dodge: Dodged            |    61 |     7 ||    68
